 Dungeon Crawl Stone Soup version 0.28-a0-2-g643f2454ad (webtiles) character file.

Game seed: 18160234181191718167

417 robertstho the Chopper (level 6, 0/56 HPs)
             Began as a Minotaur Berserker on July 22, 2021.
             Was a Priest of Trog.
             Slain by Grinder (6 damage)
             ... on level 5 of the Dungeon.
             The game lasted 00:03:33 (2932 turns).

robertstho the Chopper (Minotaur Berserker)         Turns: 2932, Time: 00:03:35

Health: 0/56       AC:  7    Str: 23    XL:     6   Next: 61%
Magic:  5/5        EV: 11    Int:  5    God:    Trog [***...]
Gold:   127        SH:  0    Dex:  9    Spells: 5/5 levels left

rFire   + + .      SeeInvis .   h - +0 war axe
rCold   + + .      Faith    .   (no shield)
rNeg    . . .      Spirit   .   b - +0 scale mail
rPois   +          Reflect  .   (helmet restricted)
rElec   +          Harm     .   l - scarf {rC+ rF+}
rCorr   +          Rampage  .   (no gloves)
Will    .....                   (no boots)
Stlth   ..........              (no amulet)
HPRegen 0.18/turn               (no ring)
MPRegen 0.09/turn               (no ring)

@: resistant, on berserk cooldown, slowed, studying Slings, very slow
A: horns 2, retaliatory headbutt
a: Renounce Religion, Berserk, Trog's Hand


You were on level 5 of the Dungeon.
You worshipped Trog.
Trog was most pleased with you.
You visited 1 branch of the dungeon, and saw 4 of its levels.

You collected 127 gold pieces.

Inventory:

Hand Weapons
 h - a +0 war axe (weapon)
Armour
 b - a +0 scale mail (worn)
 l - a scarf of resistance (worn)
Jewellery
 k - an amulet of faith
Scrolls
 c - a scroll of brand weapon {unknown}
 d - 3 scrolls of identify {unknown}
 e - 3 scrolls of magic mapping {unknown}
 g - 2 scrolls of enchant armour {unknown}
 i - a scroll of holy word {unknown}
 o - 2 scrolls of teleportation {unknown}
 p - 2 scrolls of enchant weapon {unknown}
 q - a scroll of amnesia {unknown}
 r - a scroll of noise {unknown}
Potions
 a - a potion of resistance
 f - a potion of attraction {unknown}
 j - a potion of mutation {unknown}
 m - a potion of invisibility {unknown}
 n - a potion of brilliance {unknown}
 s - a potion of might {unknown}
 t - a potion of haste {unknown}


   Skills:
 * Level 5.2 Fighting
 + Level 6.3 Axes
 * Level 4.7 Armour
 * Level 3.5 Dodging


You had 5 spell levels left.
You didn't know any spells.
Your spell library was empty.

Dungeon Overview and Level Annotations

Branches:
Dungeon (3/15)

Altars:

Annotations:
D:3 3 runed translucent doors, IdlyInterested's ghost, amateur DsGl
D:5 Grinder


Innate Abilities, Weirdness & Mutations

You have a pair of horns on your head.
You reflexively headbutt those who attack you in melee.


Message History

Unknown command.
You hit Grinder but do no damage. You headbutt Grinder!
Grinder is moderately wounded.
Grinder gestures at you. You resist with almost no effort.
You barely miss Grinder.
Grinder is moderately wounded.
You feel the effects of Trog's Hand fading.
Grinder hits you.
You writhe in agony.
Grinder hits you.
You writhe in agony.
You slash Grinder!
Grinder is severely wounded.
Grinder hits you!
You writhe in agony.
Grinder gestures at you. You resist with almost no effort.
You slash Grinder!
Grinder is almost dead.
Grinder blinks!
Your skin stops crawling.
You feel less strong-willed. Grinder gestures at you.
You resist with significant effort. Grinder gestures at you.
You resist with significant effort. Grinder gestures at you.
Pain shoots through your body! Grinder barely misses you. Grinder hits you!
* * * LOW HITPOINT WARNING * * *
You writhe in agony.
* * * LOW HITPOINT WARNING * * *
You hit Grinder.
Grinder is almost dead.
Grinder gestures at you. You resist with significant effort.
It was a potion of resistance.
You feel protected. Grinder hits you but does no damage.
Grinder says, "FISH!"
Grinder hits you.
* * * LOW HITPOINT WARNING * * *
You writhe in agony.
You die...

..###..#.#.....####<...##
............()).........#
#..##..#......)..###....##
#..#...#.....)†)...#.....#
.........................#+
.......#).......P..........
.............PP............
.....##...............###..
..#.............@......#
..#....#........5.........
..........................
..#....................##..
..#..............:.....# ..
..............>....###.#
..##..##......##...# .# ..
.... .##..# #.###


You could see Grinder.

Vanquished Creatures
  Sigmund (D:5)
  2 hounds (D:5)
  A gnoll shaman (D:5)
  5 gnolls (D:5)
  2 adders
  An adder skeleton (D:5)
  A worm (D:2)
  4 dart slugs
  6 ball pythons
  10 endoplasms
  3 giant cockroaches
  7 goblins
  7 hobgoblins
  20 jackals
  7 kobolds
  2 quokkas
  5 bats
  4 frilled lizards
  4 rats
92 creatures vanquished.

Notes
Turn   | Place    | Note
-------+----------+-------------------------------------------
     0 | D:1      | robertstho the Minotaur Berserker began the quest for the
                  | Orb.
     0 | D:1      | Reached XP level 1. HP: 19/19 MP: 0/0
   119 | D:1      | Reached XP level 2. HP: 18/27 MP: 1/1
   496 | D:1      | Reached skill level 4 in Axes
   660 | D:1      | Reached XP level 3. HP: 33/33 MP: 2/2
  1048 | D:2      | Reached ** piety under Trog
  1600 | D:2      | Reached XP level 4. HP: 41/41 MP: 3/3
  2098 | D:3      | Found a runed translucent gate.
  2099 | D:3      | Found a runed translucent gate.
  2099 | D:3      | Noticed IdlyInterested's ghost (amateur DsGl)
  2100 | D:3      | Noticed a kobold brigand
  2110 | D:3      | Found a runed translucent gate.
  2390 | D:3      | Found a faded altar of an unknown god.
  2440 | D:3      | Reached *** piety under Trog
  2652 | D:3      | You fall into a shaft and drop 2 floors!
  2652 | D:5      | Entered Level 5 of the Dungeon
  2654 | D:5      | Noticed Sigmund
  2668 | D:5      | Killed Sigmund
  2669 | D:5      | Reached skill level 5 in Fighting
  2669 | D:5      | Reached skill level 5 in Axes
  2669 | D:5      | Reached XP level 5. HP: 27/48 MP: 4/4
  2669 | D:5      | Reached XP level 6. HP: 31/56 MP: 5/5
  2904 | D:5      | Noticed Grinder
  2914 | D:5      | Reached skill level 6 in Axes
  2932 | D:5      | Slain by Grinder

Illustrated notes

Levels and vault maps discovered:
D:1:      onia_arrival_pentagram, layout_loops_ring, minmay_pentomino_t4
D:2:      layout_loops_corners, hangedman_decor_push, minmay_misc_feat_chi,
          nrook_campfire
D:3:      layout_basic, zin_angel, serial_corexii_hall,
          chequers_hall_statues_corner_a, corexii_hall_statues_x,
          hellmonk_ecumenical_altar_inner_sanctum,
          gammafunk_ghost_nasty_kobolds, serial_bayou_pond_e,
          minmay_fractal_squares_gapless_5
D:5:      layout_rooms, nicolae_qazlal_general_emergency,
          kennysheep_slug_shrine, mainiacjoe_overflow_alcove_2,
          minmay_overflow_temple_star_quad, serial_undead, serial_undead_e,
          serial_undead_d, serial_undead_a, serial_undead_a, serial_undead_d,
          serial_undead_b, uniq_grinder, uniq_ijyb, uniq_sigmund

Skill      XL: |  1  2  3  4  5  6 |
---------------+-------------------+-----
Fighting       | 4 5 |  5.2
Axes           | 4 5 6 |  6.3
Armour         | 3 4 |  4.7
Dodging        | 3 |  3.5

Action                   |  1- 3 |  4- 6 || total
-------------------------+-------+-------++-------
Melee: Hand axe          |    23 |       ||    23
       Headbutt          |     8 |     7 ||    15
       War axe           |    51 |    78 ||   129
Invok: Berserk           |     1 |     2 ||     3
       Trog's Hand       |       |     1 ||     1
  Use: Potion            |       |     1 ||     1
Armor: Animal skin       |     7 |       ||     7
       Scale mail        |    24 |    39 ||    63
Dodge: Dodged            |    52 |    53 ||   105

Table legend: (Time is in decaauts)
 A = Elapsed time spent in this place.
 B = Non-inter-level travel time spent in this place.
 C = Inter-level travel time spent in this place.
 D = Time resting spent in this place.
 E = Time spent auto-exploring this place.
 F = Levels seen in this place.
 G = Mean time per level.
                   A        B        C        D        E       F      G
               +--------+--------+--------+--------+--------+-----+--------+
         Total |   2993 |   2942 |     51 |     50 |   2401 |   4 |  748.2 |
       Dungeon |   2993 |   2942 |     51 |     50 |   2401 |   4 |  748.2 |
               +--------+--------+--------+--------+--------+-----+--------+

Top non-repeatable levels by time:
     D:2: 1050 daAuts
     D:1: 1012 daAuts
     D:3: 631 daAuts
     D:5: 298 daAuts
